 Dungeon Crawl Stone Soup version 0.25-a0-403-g49d089a (webtiles) character file.

Game seed: 11310548391156163252, levelgen mode: deterministic

3561 relicbr the Merchant of Misery (level 9, 0/60 HPs)
             Began as a Deep Elf Necromancer on Jan 9, 2020.
             Was a Believer of Kikubaaqudgha.
             Splashed by a jelly's acid (5 damage)
             ... on level 9 of the Dungeon.
             The game lasted 00:26:05 (10901 turns).

relicbr the Merchant of Misery (DENe)              Turns: 10901, Time: 00:26:07

Health: 0/60       AC:  7    Str: 11    XL:     9   Next: 83%
Magic:  0/23       EV: 17    Int: 22    God:    Kikubaaqudgha [**....]
Gold:   304        SH:  0    Dex: 15    Spells: 15/24 levels left

rFire    . . .     SeeInvis .   a - +0 dagger (venom)
rCold    . . .     Gourm    .   (no shield)
rNeg     . . .     Faith    .   F - +0 leather armour "Ygaegat" {Str+4}
rPois    .         Spirit   +   g - +0 hat
rElec    .         Reflect  .   j - +0 cloak
rCorr    .         Harm     .   A - +2 pair of gloves
MR       .....                  (no boots)
Stlth    ++........             m - amulet of guardian spirit
HPRegen  0.20/turn              (no ring)
MPRegen  0.18/turn              (no ring)

@: no status effects
A: no striking features
a: Receive Corpses, Renounce Religion


You were on level 9 of the Dungeon.
You worshipped Kikubaaqudgha.
Kikubaaqudgha was pleased with you.
You were not hungry.

You visited 2 branches of the dungeon, and saw 10 of its levels.

You collected 304 gold pieces.

Inventory:

Hand Weapons
 a - a +0 dagger of venom (weapon)
 b - a +0 short sword
Missiles
 z - 17 poisoned darts (quivered)
 I - a throwing net
Armour
 g - a +0 hat (worn)
 j - a +0 cloak (worn)
 y - the +1 robe "Zomeago" {Str+2 Int+4 Dex+6}
   (You found it on level 4 of the Dungeon)

   It affects your strength (+2).
   It affects your intelligence (+4).
   It affects your dexterity (+6).
 A - a +2 pair of gloves (worn)
 F - the +0 leather armour "Ygaegat" (worn) {Str+4}
   (You found it on level 6 of the Dungeon)

   It affects your strength (+4).
Jewellery
 m - an amulet of guardian spirit (around neck)
 J - an uncursed ring of ice {unknown}
Wands
 x - a wand of acid (3)
 E - a wand of flame (18)
 H - a wand of disintegration (11)
Scrolls
 f - 5 scrolls of enchant armour
 i - 9 scrolls of remove curse
 l - 2 scrolls of magic mapping
 o - a scroll of teleportation
 p - a scroll of enchant weapon {unknown}
 q - 2 scrolls of fog
 v - 2 scrolls of immolation {unknown}
 w - 2 scrolls of blinking {unknown}
 B - a scroll of amnesia {unknown}
 G - a scroll of random uselessness {unknown}
Potions
 d - a potion of ambrosia
 h - 3 potions of haste
 k - a potion of degeneration {unknown}
 n - a potion of agility
 r - a potion of heal wounds {unknown}
 s - 2 potions of flight
 t - a potion of brilliance {unknown}
 u - 6 potions of curing
 C - a potion of mutation {unknown}
 D - a potion of resistance {unknown}
Comestibles
 c - 11 rations
 K - 5 chunks of flesh


   Skills:
 - Level 8.7 Fighting
 * Level 8.5 Dodging
 - Level 2.4 Stealth
 - Level 8.3 Spellcasting
 - Level 10.8 Necromancy


You had 15 spell levels left.
You knew the following spells:

 Your Spells              Type           Power        Failure   Level  Hunger
a - Pain                  Necr           ####         1%          1    None
b - Agony                 Necr           ######..     3%          5    #####..
c - Vampiric Draining     Necr           ######....   1%          3    None

Your spell library contained the following spells:

 Spells                   Type           Power        Failure   Level  Hunger
 Animate Skeleton         Necr           N/A          1%          1    None
 Corpse Rot               Necr/Air       N/A          1%          2    None
 Sublimation of Blood     Necr           ######....   1%          2    None
 Animate Dead             Necr           N/A          1%          4    ###....
 Summon Small Mammal      Summ           #...         10%         1    None
 Call Imp                 Summ           #.......     14%         2    None
 Call Canine Familiar     Summ           #.......     28%         3    None
 Summon Guardian Golem    Hex/Summ       #.......     28%         3    None
 Summon Ice Beast         Ice/Summ       #.......     67%         4    ###....
 Summon Lightning Spire   Summ/Air       #.......     67%         4    ###....


Dungeon Overview and Level Annotations

Branches:
Dungeon (9/15)             Temple (1/1) D:4
   Lair: D:8-11         Orc: D:9-12

Altars:
Ashenzari
Cheibriados
Dithmenos
Elyvilon
Fedhas
Gozag
Hepliaklqana
Kikubaaqudgha
Makhleb
Nemelex Xobeh
Okawaru
Qazlal
Ru
Sif Muna
Trog
Uskayaw
Vehumet
Xom
Yredelemnul
Zin
The Shining One

Annotations:
D:5 2 transporters, IC0N0FSIN's ghost, novice DgNe
D:8 Harold; Maurice
D:9 Maggie


Message History

The jelly barely misses you.
You hit the jelly but do no damage.
Your hands burn!
* * * LOW HITPOINT WARNING * * *
The jelly is heavily wounded.
The jelly barely misses you.
A troll comes into view.
Casting: Vampiric Draining (safe; 1% risk of failure)
Confirm with . or Enter, or press ? or * to list all spells.
Aiming: Pain (safe; 1% risk of failure)
Press: ? - help, Shift-Dir - straight line, f - jelly
Aim: a jelly (heavily wounded, very poisoned, chance to defeat MR: 89%)
The jelly writhes in agony.
The jelly closely misses you.
You hit the jelly but do no damage.
Your hands burn!
* * * LOW HITPOINT WARNING * * *
The jelly is almost dead.
The jelly hits you.
* * * LOW HITPOINT WARNING * * *
You are splashed with acid.
You die...
Kikubaaqudgha rasps: "You have failed me!
Welcome... death!"

..........)........
........(..........
........(รท.........
...................
.......)...........
...#...............
..###..$...........
.# ##..###J.......
#...# #@...###.
#....# #....#
....... .....#
................
.......T.........#
..........##
..........##
..........##


You could see a troll and a jelly.

Vanquished Creatures
  Pikel (D:4)
  A troll (D:9)
  Prince Ribbit (D:7)
  A hungry ghost (D:7)
  Menkaure (D:4)
  An orc warrior (D:7)
  An ice beast (D:6)
  2 slaves (D:4)
  Duvessa (D:6)
  An ogre (D:7)
  A phantom (D:4)
  2 centaurs
  Blork the orc (D:5)
  A bullfrog (D:7)
  Dowan (D:6)
  A scorpion (D:6)
  A water moccasin skeleton (D:5)
  5 killer bees
  5 howler monkeys
  A crimson imp (D:5)
  A bullfrog zombie (D:5)
  5 hounds
  2 jellies
  4 orc priests
  4 orc wizards
  A bullfrog skeleton (D:6)
  2 iguanas
  3 worker ants
  2 hound zombies (D:7)
  2 hound skeletons (D:7)
  6 adders
  3 gnolls (D:2)
  An ooze (D:5)
  An adder skeleton (D:5)
  A worm (D:3)
  2 dart slugs
  6 leopard geckos
  20 orcs
  7 giant cockroaches
  7 goblins
  5 hobgoblins
  6 jackals
  7 quokkas
  11 bats
  5 frilled lizards
  A jackal skeleton (D:4)
  4 kobolds
  11 rats
160 creatures vanquished.

Vanquished Creatures (others)
  A centaur skeleton (D:4)
  A worker ant (D:4)
  A quokka (D:4)
3 creatures vanquished.

Grand Total: 163 creatures vanquished

Notes
Turn   | Place    | Note
-------+----------+-------------------------------------------
     0 | D:1      | relicbr the Deep Elf Necromancer began the quest for the
                  | Orb.
     0 | D:1      | Reached XP level 1. HP: 10/10 MP: 6/6
    75 | D:1      | Reached skill level 5 in Necromancy
   250 | D:1      | Reached XP level 2. HP: 12/15 MP: 5/8
   846 | D:1      | Reached skill level 6 in Necromancy
   991 | D:2      | Reached XP level 3. HP: 17/19 MP: 5/9
  1486 | D:2      | Reached XP level 4. HP: 21/24 MP: 10/10
  1544 | D:2      | Reached skill level 7 in Necromancy
  2011 | D:3      | Found a sparkling altar of Nemelex Xobeh.
  2388 | D:3      | Reached XP level 5. HP: 25/28 MP: 7/11
  2533 | D:3      | Reached skill level 8 in Necromancy
  3117 | D:3      | Found an ancient bone altar of Kikubaaqudgha.
  3459 | D:4      | Reached skill level 10 in Necromancy
  3459 | D:4      | Reached XP level 6. HP: 42/42 MP: 12/19
  3528 | D:4      | Found a snail-covered altar of Cheibriados.
  3529 | D:4      | Found a radiant altar of Vehumet.
  3529 | D:4      | Found a shadowy altar of Dithmenos.
  3665 | D:4      | Noticed a slave
  3668 | D:4      | Found a glowing golden altar of the Shining One.
  3673 | D:4      | Noticed a slave
  3673 | D:4      | Noticed Pikel
  3677 | D:4      | Noticed a slave
  3689 | D:4      | Killed a slave
  3716 | D:4      | Noticed a slave
  3723 | D:4      | Killed a slave
  3744 | D:4      | Killed Pikel
  3744 | D:4      | Reached XP level 7. HP: 10/48 MP: 1/20
  4054 | D:4      | Learned a level 5 spell: Agony
  4058 | D:4      | Learned a level 3 spell: Vampiric Draining
  4058 | D:4      | Found a staircase to the Ecumenical Temple.
  4077 | Temple   | Entered the Ecumenical Temple
  4157 | D:3      | Became a worshipper of Kikubaaqudgha
  4229 | D:5      | Entered Level 5 of the Dungeon
  4892 | D:4      | Found an opulent altar of Gozag.
  4894 | D:4      | Found a shimmering blue altar of Sif Muna.
  4990 | D:4      | Reached XP level 8. HP: 42/54 MP: 18/22
  5130 | D:4      | Got a silken robe
  5141 | D:4      | Identified the +1 robe "Zomeago" {Str+2 Int+4 Dex+6} (You
                  | found it on level 4 of the Dungeon)
  5433 | D:5      | Noticed Blork the orc
  5650 | D:5      | Killed Blork the orc
  5720 | D:5      | Found a transporter.
  5724 | D:5      | Found a transporter.
  5724 | D:5      | Noticed IC0N0FSIN's ghost (novice DgNe)
  6003 | D:5      | Noticed Menkaure
  6272 | D:4      | Killed Menkaure
  6928 | D:5      | Reached * piety under Kikubaaqudgha
  6928 | D:5      | Identified Kikubaaqudgha's Compendium of Evil Secrets
                  | (Kikubaaqudgha gifted it to you on level 5 of the Dungeon)
  6928 | D:5      | Received a gift from Kikubaaqudgha
  7411 | D:6      | Got a fine leather armour
  7422 | D:6      | Identified the cursed +0 leather armour "Ygaegat" {Str+4}
                  | (You found it on level 6 of the Dungeon)
  8228 | D:6      | Noticed Duvessa
  8228 | D:6      | Noticed Dowan
  8241 | D:6      | Reached XP level 9. HP: 40/60 MP: 15/23
  8249 | D:6      | Killed Duvessa
  8269 | D:6      | Killed Dowan
  8695 | D:7      | Found a blossoming altar of Fedhas.
  8721 | D:7      | Reached skill level 5 in Dodging
  9772 | D:7      | Noticed Prince Ribbit
  9782 | D:7      | Killed Prince Ribbit
  9800 | D:7      | Reached ** piety under Kikubaaqudgha
 10189 | D:7      | Found a sacrificial altar of Ru.
 10790 | D:8      | Noticed Harold
 10795 | D:8      | Noticed Maurice
 10827 | D:9      | Noticed a two-headed ogre
 10845 | D:9      | Noticed Maggie
 10850 | D:9      | Noticed a troll
 10854 | D:9      | Killed a troll
 10899 | D:9      | Noticed a troll
 10901 | D:9      | Splashed by a jelly's acid

Levels and vault maps discovered:
D:1:      lightli_arrival_chessboard, layout_basic, kennysheep_flooded_box
D:2:      layout_rooms
D:3:      layout_loops_corners, nemelex_xobeh_ov_fountains_minmay,
          kiku_gazebo_garden_becter
D:4:      kennysheep_six_static_rooms, layout_basic, grunt_temple_overflow_open,
          gammafunk_temple_overflow_pools, minmay_temple_entry_tees,
          first_ration, uniq_pikel
D:5:      layout_basic, gammafunk_ghost_arena, kennysheep_generic_room_11,
          uniq_blork_the_orc, uniq_menkaure
D:6:      layout_basic, minivault_24, uniq_duvessa
D:7:      layout_basic, fedhas_ov_isle_minmay, nicolae_ru_path_of_blood,
          uniq_prince_ribbit1
D:8:      layout_basic, hangedman_pestilent_swarm, uniq_grum, uniq_maurice,
          uniq_harold
D:9:      layout_big_octagon, lemuel_round_altar, minmay_orc_entry_temple_small,
          uniq_psyche, uniq_maggie
Temple:   minmay_freezing_vapour_temple

Skill      XL: |  1  2  3  4  5  6  7  8  9 |
---------------+----------------------------+-----
Necromancy     | 5 6 7 10 | 10.8
Fighting       | 6 7 8 |  8.7
Spellcasting   | 8 |  8.3
Dodging        | 4 8 |  8.5
Stealth        | |  2.4

Action                   |  1- 3 |  4- 6 |  7- 9 || total
-------------------------+-------+-------+-------++-------
Melee: Dagger            |    41 |    96 |   288 ||   425
       Short sword       |       |       |   150 ||   150
Throw: Dart              |       |       |     5 ||     5
 Cast: Pain              |    35 |    50 |    98 ||   183
       Vampiric Draining |       |       |    20 ||    20
       Agony             |       |       |     2 ||     2
Evoke: Wand              |       |       |    12 ||    12
  Use: Potion            |       |     4 |       ||     4
       Scroll            |       |     3 |    10 ||    13
 Stab: Sleeping          |     2 |     2 |     6 ||    10
       Distracted        |       |     1 |       ||     1
  Eat: Chunk             |     2 |     6 |    18 ||    26
       Ration            |       |       |     5 ||     5
Armor: Robe              |     7 |       |    37 ||    44
       Leather armour    |     5 |    12 |    94 ||   111
Dodge: Dodged            |    31 |    56 |   396 ||   483

Table legend:
 A = Non-vault XP
 B = Vault XP
 C = Vault XP percentage of total XP
 D = Non-vault monster count
 E = Vault monster count
 F = Vault count percentage of total count
                 A         B        C        D         E       F
            +---------+---------+-------+---------+---------+-------
      Total |    3351 |    1456 |  30.3 |     150 |       8 |   5.1
            +---------+---------+-------+---------+---------+-------
        D:1 |      37 |       0 |   0.0 |      20 |       0 |   0.0
        D:2 |     108 |       0 |   0.0 |      24 |       0 |   0.0
        D:3 |     157 |       0 |   0.0 |      30 |       0 |   0.0
        D:4 |     200 |     864 |  81.2 |       8 |       4 |  33.3
        D:5 |     525 |      94 |  15.2 |      22 |       1 |   4.3
        D:6 |     708 |     212 |  23.0 |      18 |       2 |  10.0
        D:7 |    1146 |     286 |  20.0 |      23 |       1 |   4.2
        D:8 |       5 |       0 |   0.0 |       2 |       0 |   0.0
        D:9 |     465 |       0 |   0.0 |       3 |       0 |   0.0
            +---------+---------+-------+---------+---------+-------
